 Dungeon Crawl Stone Soup version 0.31-a0-214-gb37851dbb3 (webtiles) character file.

Game seed: 17162827944813427225

285994 gangalbani the Acrobat (level 19, 0/108 HPs)
             Began as a Spriggan Hunter on July 1, 2023.
             Was an Initiate of Gozag.
             Killed by the air
             ... invoked by a titan
              (39 damage)
             ... on level 4 of the Vaults.
             The game lasted 01:16:41 (41694 turns).

gangalbani the Acrobat (Spriggan Hunter)           Turns: 41694, Time: 01:16:42

Health: 0/108      AC:  7    Str:  7    XL:     19   Next: 82%
Magic:  21/27      EV: 62    Int: 12    God:    Gozag
Gold:   2841       SH: 10    Dex: 37    Spells: 20/28 levels left

rFire   . . .        D - +5 hand crossbow (freeze)
rCold   . . .        R - +2 buckler "Muhoej" {rCorr}
rNeg    + . .        U - +2 robe "Eresmil" {rElec Stlth+}
rPois   .            (helmet restricted)
rElec   +            q - +2 cloak "Urchaul" {rN+ Slay+2}
rCorr   +            (gloves unavailable)
SInv    +            (boots unavailable)
Will    +++..        B - amulet of regeneration
Stlth   ++++         k - +6 ring of dexterity
HPRegen 1.18/turn    x - +6 ring of dexterity
MPRegen 0.20/turn

%: no passive effects
@: about to teleport, gold aura, studying Ice Magic, bribing [the Vaults], very
quick
A: very small, no large weapons, unfitting armour, see invisible, speed 3,
subdued magic 1
}: 2/15 runes: serpentine, barnacled
a: Renounce Religion, Potion Petition, Call Merchant, Bribe Branch


You were on level 4 of the Vaults.
You worshipped Gozag.
Gozag was most pleased with you.
You visited 7 branches of the dungeon, and saw 34 of its levels.
You also visited: Ice Cave.

You collected 13185 gold pieces.
You spent 5080 gold pieces at shops.
You paid 5264 gold pieces to Gozag.

Inventory:

Hand Weapons
 D - a +5 hand crossbow of freezing (weapon)
 W - the +8 sling of Rawyrr {antimagic, Fly rElec Int+6 Stlth-}
   (You bought it in a shop on level 12 of the Dungeon)

   Int:       It affects your intelligence (+6).
   rElec:     It insulates you from electricity.
   Fly:       It grants you flight.
   Stlth:     It makes you less stealthy.
Missiles
 r - 3 throwing nets
 w - 10 curare-tipped darts
Armour
 i - a +2 cloak of preservation
 q - the +2 cloak "Urchaul" (worn) {rN+ Slay+2}
   (You bought it in a shop on level 4 of the Shoals)

   Slay:      It affects your accuracy & damage with ranged weapons and melee
   (+2).
   rN:        It protects you from negative energy.
 R - the +2 buckler "Muhoej" (worn) {rCorr}
   (You acquired it on level 3 of the Vaults)

   rCorr:     It protects you from acid and corrosion.
 U - the +2 robe "Eresmil" (worn) {rElec Stlth+}
   (You found it on level 12 of the Dungeon)

   rElec:     It insulates you from electricity.
   Stlth:     It makes you more stealthy.
Jewellery
 a - a ring of protection from cold
 k - a +6 ring of dexterity (left hand)
 n - an amulet of reflection
 x - a +6 ring of dexterity (right hand)
 B - an amulet of regeneration (around neck)
 O - a ring of flight
 S - a ring of willpower
Wands
 c - a wand of mindburst (49)
 l - a wand of acid (2)
 H - a wand of digging (19)
 K - a wand of paralysis (27)
 Q - a wand of iceblast (15)
Scrolls
 b - 2 scrolls of butterflies
 f - 9 scrolls of teleportation
 h - 9 scrolls of poison
 j - 2 scrolls of immolation
 o - 3 scrolls of fog
 s - 4 scrolls of fear
 t - 4 scrolls of brand weapon
 A - 2 scrolls of identify
 J - 4 scrolls of blinking
 N - 5 scrolls of revelation
 V - a scroll of silence
 Z - a scroll of torment
Potions
 d - 5 potions of lignification
 e - 3 potions of haste
 g - 5 potions of brilliance
 m - a potion of berserk rage {unknown}
 u - 5 potions of heal wounds
 z - 7 potions of attraction
 C - 2 potions of might {unknown}
 E - 7 potions of enlightenment
 F - 5 potions of resistance
 G - 2 potions of magic {unknown}
 L - 2 potions of cancellation {unknown}
 M - 2 potions of mutation {unknown}
 T - a potion of ambrosia
 X - 2 potions of invisibility {unknown}
 Y - 7 potions of curing
Miscellaneous
 p - a box of beasts
 v - a lightning rod (4/4)
 y - a phantom mirror
 I - a phial of floods
 P - a tin of tremorstones (2/2)


   Skills:
 + Level 15.0 Fighting
 - Level 18.0 Ranged Weapons
 + Level 25.9 Dodging
 - Level 1.5 Stealth
 - Level 5.0 Shields
 - Level 5.0 Spellcasting
 - Level 15.0 Hexes
 - Level 5.0 Fire Magic
 + Level 12.8 Evocations


You had 20 spell levels left.
You knew the following spells:

 Your Spells              Type           Power      Damage    Failure   Level
a - Inner Flame           Hex/Fire       20%        N/A       1%          3
b - Yara's Violent Unrav  Hex/Tmut       8%         3d5       32%         5

Your spell library contained the following spells:

 Spells                   Type           Power      Damage    Failure   Level
 Slow                     Hex            100%       N/A       1%          1
 Ensorcelled Hibernation  Hex/Ice        32%        N/A       1%          2
 Confusing Touch          Hex            30%        N/A       1%          3
 Metabolic Englaciation   Hex/Ice        8%         N/A       32%         5
 Cigotuvi's Dreadful Rot  Necr/Pois/Air  4%         N/A       36%         2
 Passwall                 Tmut/Erth      1%         N/A       36%         2
 Poisonous Vapours        Pois/Air       4%         N/A       36%         2
 Sublimation of Blood     Necr           2%         N/A       36%         2
 Wereblood                Tmut           2%         N/A       36%         2
 Ignite Poison            Fire/Tmut/Pois 5%         N/A       38%         3
 Enfeeble                 Hex            15%        N/A       43%         7
 Call Canine Familiar     Summ           2%         N/A       61%         3
 Gell's Gravitas          Tloc           2%         N/A       61%         3
 Hailstorm                Conj/Ice       2%         3d3       61%         3
 Mephitic Cloud           Conj/Pois/Air  2%         N/A       61%         3
 Stone Arrow              Conj/Erth      4%         3d7       61%         3
 Swiftness                Air            2%         N/A       61%         3
 Teleport Other           Tloc           2%         N/A       61%         3
 Vampiric Draining        Necr           2%         2d6       61%         3
 Animate Armour           Summ/Erth      4%         N/A       95%         4
 Ice Form                 Ice/Tmut       2%         N/A       95%         4
 Petrify                  Tmut/Erth      2%         N/A       95%         4
 Discord                  Hex            15%        N/A       98%         8
 Blade Hands              Tmut           1%         N/A       100%        5
 Borgnjor's Vile Clutch   Necr/Erth      1%         N/A       100%        5
 Freezing Cloud           Conj/Ice/Air   1%         6-21      100%        5
 Irradiate                Conj/Tmut      1%         3d12      100%        5
 Summon Forest            Summ/Tloc      1%         N/A       100%        5
 Conjure Ball Lightning   Conj/Air       1%         3x3d6     100%        6
 Death Channel            Necr           1%         N/A       100%        6
 Dispersal                Tloc           1%         N/A       100%        6
 Statue Form              Tmut/Erth      1%         N/A       100%        6
 Dragon Form              Tmut           1%         N/A       100%        7
 Summon Hydra             Summ           1%         N/A       100%        7
 Disjunction              Tloc           1%         N/A       100%        8
 Lehudib's Crystal Spear  Conj/Erth      1%         10d2      100%        8
 Necromutation            Tmut/Necr      1%         N/A       100%        8
 Animate Dead             Necr           Unusable   N/A       N/A         4
 Simulacrum               Ice/Necr       Unusable   N/A       N/A         6

Dungeon Overview and Level Annotations

Branches:
Dungeon (15/15)            Temple (1/1) D:5            Lair (5/5) D:9
 Shoals (4/4) Lair:2        Snake (4/4) Lair:2        Slime (1/5) Lair:4
    Orc (0/2) D:9          Vaults (4/5) D:13          Crypt (0/3) Vaults:2
 Depths (0/4) D:15          IceCv (visited)

Altars:
Ashenzari
Cheibriados
Dithmenos
Elyvilon
Fedhas
Gozag
Hepliaklqana
Kikubaaqudgha
Makhleb
Nemelex Xobeh
Okawaru
Qazlal
Ru
Sif Muna
Trog
Uskayaw
Vehumet
Wu Jian
Xom
Yredelemnul
Zin
The Shining One
Jiyva

Shops:
D:7 :?*=   D:12 (   D:14 *   D:15 [(*   Shoals:4 **   Snake:1 *   Vaults:1 *[=
Vaults:3 ?

Annotations:
D:8 1 runed translucent door, philipeq's ghost, journeyman TrWr
D:14 Roxanne
Lair:5 1 runed translucent door, tensugalgo's ghost, journeyman DsGl
Snake:2 Azrael
Snake:3 3 runed translucent doors, vurker's ghost, adept DgAE
Vaults:1 2 transporters, exclusion: orange crystal statue
Vaults:3 Boris; Frederick
Vaults:4 Xtahua


Innate Abilities, Weirdness & Mutations

You are very small and have problems with some larger weapons.
You are too small for most types of armour.
You have supernaturally acute eyesight. (SInv)
You cover ground extremely quickly. (Speed+++)
Your spells are a little easier to cast, but a little less powerful.


Message History

The deep troll is severely wounded.
The fiery explosion engulfs the centaur warrior!!!
The centaur warrior is almost dead.
The fiery explosion engulfs the deep troll!!
The deep troll is heavily wounded.
The fiery explosion engulfs the deep troll.
The deep troll is lightly wounded.
The ironbound convoker is distracted by your dazzling golden aura.
The ironbound convoker shouts!
You hear a shout!
The centaur warrior is engulfed in blazing flames.
You kill the centaur warrior!
You feel much better.
The runic seals fade away.
The ironbound convoker is no longer distracted by gold.
The deep troll is engulfed in blazing flames.
You are too injured to fight recklessly!
Unknown command.
You are too injured to fight recklessly!
You are too injured to fight recklessly!
Unknown command.
The deep troll is engulfed in blazing flames.
The ironbound preserver is engulfed in blazing flames.
The titan is distracted by your dazzling golden aura.
The vault warden is distracted by your dazzling golden aura.
Fire: D) +5 hand crossbow (freeze)
Press: ? - help, Shift-Dir - straight line, f - ironbound preserver
Aim: an ironbound preserver, wielding a +0 morningstar and wearing a +0 leather armour (moderately wounded, strong, 87% to hit)
You shoot a bolt.
The bolt closely misses the ironbound preserver.
The vault warden shouts!
The titan shouts!
The bolt hits the titan.
The bolt freezes the titan.
The titan is no longer distracted by gold.
The titan is lightly wounded.
The deep troll is engulfed in blazing flames.
You kill the deep troll!
The deep troll is distracted by your dazzling golden aura.
The ironbound preserver completely misses you.
The titan waves its arms in wide circles.
The air twists around and strikes you!!!
You die...
Your body crumbles into a pile of gold.

#########
#.......#
#.@.....+
#Tp.T...#
#.§§§...#
#p§p$...+
#TC§....#
#.......#
+.......#
#.......#
#########


You could see an ironbound preserver (strong), a titan (strong), a vault warden,
3 deep trolls and an ironbound convoker (strong).

Vanquished Creatures
  Rupert (Snake:1)
  Jorgrun (D:12)
  A lich (IceCv)
  The ghost of Olga the Warrior, an adept OgCj of Vehumet (Snake:1)
  Polyphemus (Shoals:3)
  Ilsuiw (Shoals:2)
  A tengu reaver (Vaults:1)
  4 azure jellies
  21 nagarajas (Snake:4)
  2 rockslimes
  3 vault wardens
  Aizul (Shoals:2)
  An orc warlord (Vaults:1)
  7 ironbound preservers
  A war gargoyle (Vaults:2)
  3 ironbound thunderhulks
  3 quicksilver oozes
  5 formless jellyfish
  4 dire elephants
  Snorg (Lair:5)
  6 merfolk javelineers
  9 merfolk impalers
  2 ettins
  2 fire dragons
  3 yaktaur captains (Vaults:1)
  7 hydras
  A caustic shrike simulacrum (IceCv)
  A rakshasa (D:14)
  7 vault guards
  A great orb of eyes (Vaults:1)
  Erolcha (D:9)
  4 ironbound frosthearts
  A salamander tyrant (Snake:3)
  A peacekeeper (Vaults:2)
  2 merfolk avatars (Shoals:3)
  Erica (D:9)
  3 alligator snapping turtles
  2 catoblepae
  4 two-headed ogres
  8 centaur warriors
  3 merfolk aquamancers
  3 boulder beetles
  8 anacondas
  5 satyrs
  4 tengu warriors
  4 death yaks (Shoals:3)
  26 naga warriors
  5 shock serpents
  A vampire mage (Vaults:2)
  16 naga sharpshooters
  14 sea snakes
  3 salamander mystics
  5 skysharks
  A glowing orange brain (Vaults:1)
  An obsidian statue (IceCv)
  5 bog bodies (IceCv)
  14 deep trolls
  20 harpies
  14 ironbound convokers
  4 wizards
  7 lindwurms
  4 spriggan simulacra (IceCv)
  3 necromancers
  5 naga ritualists
  A deep elf pyromancer (D:13)
  11 mana vipers
  24 ugly things
  9 fauns
  An orc sorcerer (D:15)
  A wolf spider (Lair:4)
  A fire giant zombie (Vaults:1)
  A shining eye (Slime:1)
  9 manticores
  4 cyclopes
  6 elephants
  14 merfolk sirens
  16 salamanders
  37 black mambas
  4 water nymphs
  9 naga magi
  A torpor snail (Lair:1)
  A gargoyle (D:12)
  7 guardian serpents
  5 vault sentinels
  11 cane toads
  3 kobold demonologists
  12 freezing wraiths (IceCv)
  3 unseen horrors
  2 unseen horrors (shapeshifter)
  5 komodo dragons
  4 tengu conjurers
  6 yaktaurs (Vaults:1)
  3 anaconda simulacra (IceCv)
  2 golden dragon simulacra (IceCv)
  5 trolls
  5 wind drakes
  25 merfolk
  9 hornets
  A queen bee (D:9)
  5 polar bears
  14 blink frogs
  6 dream sheep
  Prince Ribbit (D:8)
  11 snapping turtles
  A frost giant simulacrum (Vaults:1)
  20 slime creatures
  3 shadows
  13 spriggans (Lair:5)
  5 vampires
  5 wraiths
  21 water elementals
  4 dire elephant simulacra (IceCv)
  65 yaks
  2 wyverns
  8 golden eyes
  A yaktaur simulacrum (Vaults:1)
  4 basilisks
  A human simulacrum (Vaults:1)
  2 wargs (D:9)
  Eustachio (D:6)
  4 vampire mosquitoes (D:13)
  3 steam dragons
  3 harpy simulacra
  A minotaur simulacrum (IceCv)
  The ghost of niknal the Changer, an amateur OpTm (D:6)
  41 nagas
  A human zombie (Vaults:1)
  A hydra simulacrum (IceCv)
  14 water moccasins
  3 acid dragons
  A hell hound (Snake:2)
  5 orc warriors
  A sky beast (D:7)
  5 alligator simulacra (IceCv)
  4 black bears
  A black bear (shapeshifter) (D:15)
  3 ettin simulacra (IceCv)
  4 ogres
  5 boggarts
  12 centaurs
  37 wolves
  2 phantoms
  A kobold brigand (D:10)
  2 gnoll sergeants
  3 scorpions
  19 bullfrogs
  A deep troll simulacrum (IceCv)
  13 wights
  4 lindwurm simulacra (IceCv)
  28 killer bees
  11 electric eels
  6 howler monkeys
  3 jellies
  4 hounds
  4 orc priests
  A gnoll bouda (D:5)
  2 sleepcaps (D:6)
  12 orc wizards
  11 adders
  32 gnolls
  2 shadow imps
  3 white imps
  An ufetubus (D:6)
  4 worms
  A dart slug (D:1)
  42 orcs
  5 ball pythons
  5 bats (D:1)
  7 endoplasms
  A giant cockroach (D:2)
  5 goblins
  4 hobgoblins
  3 jackals (D:4)
  7 quokkas
  A frilled lizard (D:1)
  9 kobolds
  5 rats
1169 creatures vanquished.

Vanquished Creatures (collateral kills)
  A war gargoyle (Vaults:2)
  A yaktaur captain (Vaults:3)
  An entropy weaver (Vaults:2)
  A great orb of eyes (Vaults:3)
  4 lindwurms (Vaults:2)
  A wizard (Vaults:3)
  An ironbound convoker (Vaults:2)
  2 ugly things (Vaults:3)
  2 slime creatures (Vaults:2)
  3 redbacks (Vaults:2)
17 creatures vanquished.

Vanquished Creatures (others)
  A sphinx (Vaults:2)
  A vault warden (Vaults:1)
  A frost giant (Vaults:2)
  A formless jellyfish (Vaults:2)
  An ironbound preserver (Vaults:1)
  A dire elephant (Vaults:1)
  4 yaktaur captains
  A deep elf high priest (Vaults:1)
  A centaur warrior (D:12)
  2 deep trolls
  A wizard (Vaults:2)
  2 ironbound convokers (Vaults:1)
  2 harpies
  A vault sentinel (Vaults:1)
  3 yaktaurs (Vaults:3)
23 creatures vanquished.

Grand Total: 1209 creatures vanquished

Notes
Turn   | Place    | Note
-------+----------+-------------------------------------------
     0 | D:1      | gangalbani the Spriggan Hunter began the quest for the Orb.
     0 | D:1      | Reached XP level 1. HP: 10/10 MP: 2/2
    56 | D:1      | Reached skill level 3 in Dodging
    62 | D:1      | Reached XP level 2. HP: 15/15 MP: 3/3
   390 | D:2      | Reached XP level 3. HP: 12/18 MP: 4/4
   503 | D:2      | Reached skill level 4 in Dodging
   503 | D:2      | Reached XP level 4. HP: 23/23 MP: 5/5
   752 | D:2      | Reached skill level 5 in Ranged Weapons
   919 | D:2      | Reached XP level 5. HP: 27/27 MP: 6/6
  1127 | D:3      | Found a burning altar of Makhleb.
  1304 | D:3      | Found a basalt altar of Yredelemnul.
  2168 | D:4      | Noticed a phantom
  2191 | D:4      | Killed a phantom
  2192 | D:4      | Reached skill level 5 in Dodging
  2192 | D:4      | Reached XP level 6. HP: 32/32 MP: 7/7
  2620 | D:5      | Entered Level 5 of the Dungeon
  2652 | D:5      | Found a radiant altar of Vehumet.
  2919 | D:5      | Reached XP level 7. HP: 33/37 MP: 8/8
  2932 | D:5      | Reached skill level 6 in Dodging
  3124 | D:5      | Found a staircase to the Ecumenical Temple.
  3173 | Temple   | Entered the Ecumenical Temple
  3204 | Temple   | Became a worshipper of Gozag Ym Sagoz the Greedy
  3366 | D:5      | Reached skill level 7 in Dodging
  3451 | D:5      | Reached XP level 8. HP: 32/42 MP: 9/9
  3578 | D:5      | Found a shimmering blue altar of Sif Muna.
  3673 | D:5      | Found a hide-covered altar of Uskayaw.
  3675 | D:5      | Found a shimmering altar of Xom.
  3675 | D:5      | Found a hazy altar of Hepliaklqana.
  3701 | D:5      | Found a stormy altar of Qazlal.
  3971 | D:6      | Noticed Eustachio
  3984 | D:6      | Killed Eustachio
  4015 | D:6      | Reached skill level 5 in Fighting
  4156 | D:6      | Reached skill level 8 in Dodging
  4507 | D:6      | Reached XP level 9. HP: 47/47 MP: 10/10
  4519 | D:6      | Reached skill level 9 in Dodging
  4617 | D:6      | Found a runed translucent door.
  4618 | D:6      | Noticed niknal's ghost (amateur OpTm)
  5453 | D:6      | Killed niknal's ghost
  5540 | D:7      | Found a snail-covered altar of Cheibriados.
  5566 | D:7      | Found Wune Xugut's Magic Scroll Shoppe.
  5575 | D:7      | Bought a scroll of identify for 26 gold pieces
  5575 | D:7      | Bought a scroll of identify for 26 gold pieces
  5575 | D:7      | Bought a scroll of identify for 26 gold pieces
  5575 | D:7      | Bought a scroll of identify for 26 gold pieces
  5575 | D:7      | Bought a scroll of blinking for 97 gold pieces
  5575 | D:7      | Bought a scroll of teleportation for 39 gold pieces
  5575 | D:7      | Bought a scroll of enchant armour for 97 gold pieces
  5575 | D:7      | Bought a scroll of teleportation for 39 gold pieces
  5627 | D:7      | Reached skill level 10 in Ranged Weapons
  5667 | D:7      | Found Fetiv's Island Escapes.
  5734 | D:7      | Found Lurawk's Jewellery Shop.
  5879 | D:7      | Reached skill level 10 in Dodging
  6159 | D:7      | Found Imyos Jye's Book Emporium.
  6770 | D:8      | Found a runed translucent door.
  6771 | D:8      | Found a shimmering altar of Xom.
  6771 | D:8      | Noticed philipeq's ghost (journeyman TrWr)
  6771 | D:8      | Noticed a +0 long sword of chaos
  6820 | D:8      | Noticed Prince Ribbit
  6823 | D:8      | Killed Prince Ribbit
  6867 | D:8      | Reached XP level 10. HP: 53/53 MP: 11/11
  7166 | D:8      | Reached skill level 11 in Dodging
  7448 | D:9      | Found a glowing silver altar of Zin.
  7455 | D:9      | Noticed Erica
  7506 | D:9      | Killed Erica
  7837 | D:7      | Bought a scroll of blinking for 82 gold pieces
  7837 | D:7      | Bought a potion of haste for 110 gold pieces
  7837 | D:7      | Bought a potion of enlightenment for 55 gold pieces
  8117 | D:9      | Found a staircase to the Orcish Mines.
  8255 | D:9      | Reached skill level 12 in Dodging
  8300 | D:9      | Reached XP level 11. HP: 34/58 MP: 12/12
  8727 | D:9      | Noticed Erolcha
  8760 | D:9      | Killed Erolcha
  8790 | D:9      | Found a staircase to the Lair.
  9334 | D:10     | Entered Level 10 of the Dungeon
  9967 | D:10     | Reached skill level 13 in Dodging
 10660 | D:11     | Found an ancient bone altar of Kikubaaqudgha.
 11095 | D:11     | Noticed a two-headed ogre
 11099 | D:11     | Killed a two-headed ogre
 11131 | D:11     | Noticed a two-headed ogre
 11138 | D:11     | Reached XP level 12. HP: 59/65 MP: 13/13
 11146 | D:11     | Killed a two-headed ogre
 11748 | D:12     | Noticed Jorgrun
 11779 | D:12     | Killed Jorgrun
 11780 | D:12     | Reached skill level 14 in Dodging
 11786 | D:12     | Noticed a centaur warrior
 12379 | D:12     | Killed a centaur warrior
 12477 | D:12     | Identified the +2 robe "Eresmil" {rElec Stlth+}
 12485 | D:12     | Noticed a two-headed ogre
 12522 | D:12     | Killed a two-headed ogre
 12617 | D:12     | Found Icrisoig's Antique Weapon Emporium.
 12646 | D:12     | Reached skill level 15 in Ranged Weapons
 12670 | D:12     | Killed a centaur warrior
 12672 | D:12     | Noticed a two-headed ogre
 12787 | D:12     | Found a shimmering altar of Xom.
 12790 | D:12     | Bought a transparent sling for 208 gold pieces
 12790 | D:12     | Identified the +8 sling of Rawyrr {antimagic, Fly rElec
                  | Int+6 Stlth-} (You bought it in a shop on level 12 of the
                  | Dungeon)
 13241 | D:12     | Killed a two-headed ogre
 13290 | D:13     | Noticed a fire dragon
 13321 | D:13     | Killed a fire dragon
 13346 | D:13     | Reached skill level 15 in Dodging
 13512 | D:13     | Reached skill level 10 in Fighting
 13553 | D:13     | Found a gate to the Vaults.
 13602 | D:13     | Noticed a centaur warrior
 13605 | D:13     | Killed a centaur warrior
 13606 | D:13     | Reached skill level 1 in Evocations
 13690 | D:13     | Noticed a six-headed hydra
 13727 | D:13     | Killed a six-headed hydra
 13728 | D:13     | Reached XP level 13. HP: 72/72 MP: 4/14
 14422 | D:14     | Reached skill level 5 in Evocations
 14530 | D:14     | Found Xocae's Assorted Antiques.
 14537 | D:14     | Identified Roxanne's Directory of the Syncline
 14537 | D:14     | Noticed Roxanne
 14617 | D:14     | Found a stormy altar of Qazlal.
 14675 | D:14     | Reached skill level 16 in Dodging
 15034 | D:14     | Bought a scroll labelled RESIOVATANA for 24 gold pieces
 15034 | D:14     | Bought a viscous golden potion for 21 gold pieces
 15034 | D:14     | Bought an emerald potion for 21 gold pieces
 15315 | Lair:1   | Entered Level 1 of the Lair of Beasts
 15852 | Lair:1   | Reached skill level 17 in Dodging
 16968 | Lair:2   | Reached XP level 14. HP: 77/77 MP: 5/15
 17000 | Lair:2   | Found a staircase to the Snake Pit.
 17009 | Lair:2   | Reached skill level 10 in Evocations
 17043 | Lair:2   | Found a staircase to the Shoals.
 17275 | Lair:2   | Reached skill level 18 in Dodging
 18835 | Lair:4   | Got the Papyrus of Generative Exhumation
 18984 | Lair:4   | Found a staircase to the Slime Pits.
 18984 | Lair:4   | Found a viscous altar of Jiyva.
 19480 | D:7      | Bought a book of Misfortune for 396 gold pieces
 19484 | D:7      | Learned a level 3 spell: Inner Flame
 19490 | D:7      | Learned a level 5 spell: Yara's Violent Unravelling
 19680 | D:15     | Entered Level 15 of the Dungeon
 19688 | D:15     | Reached skill level 1 in Hexes
 19809 | D:14     | Reached skill level 1 in Fire Magic
 19920 | D:15     | Reached skill level 19 in Dodging
 19978 | D:15     | Found Qepnoma's General Store.
 19982 | D:15     | Found a broken altar of Ashenzari.
 19986 | D:15     | Bought a potion of heal wounds for 70 gold pieces
 20009 | D:15     | Found Coutuji's Weapon Emporium.
 20026 | D:15     | Bought a +1 hand crossbow of freezing for 186 gold pieces
 20062 | D:15     | Found a staircase to the Depths.
 20465 | D:15     | Reached skill level 5 in Hexes
 20681 | D:15     | Identified the +8 flail "Isaus" {protect, *Noise rF++ MP+9
                  | Int+3}
 20907 | D:15     | Found Lios Zey's Armour Shop.
 21086 | D:15     | Bought a +0 cloak of preservation for 161 gold pieces
 21351 | Lair:5   | Entered Level 5 of the Lair of Beasts
 21433 | Lair:5   | Found a runed translucent door.
 21442 | Lair:5   | Identified the +7 trident of the Gibberer {drain, Contam
                  | rF+ Int+9}
 21448 | Lair:5   | Noticed tensugalgo's ghost (journeyman DsGl)
 21493 | Lair:5   | Reached XP level 15. HP: 84/84 MP: 16/16
 21743 | Lair:5   | Reached skill level 1 in Shields
 22157 | Lair:5   | Noticed Snorg
 22165 | Lair:5   | Killed Snorg
 22414 | Slime:1  | Entered Level 1 of the Pits of Slime
 22416 | Slime:1  | Gained mutation: Your spells are a little easier to cast,
                  | but a little less powerful. [a shining eye]
 22418 | Slime:1  | Noticed a rockslime
 22418 | Slime:1  | Noticed an azure jelly
 22542 | Lair:4   | Killed an azure jelly
 22588 | Lair:4   | Killed a rockslime
 22743 | Slime:1  | Noticed an azure jelly
 22746 | Slime:1  | Noticed an azure jelly
 22775 | Slime:1  | Killed an azure jelly
 22807 | Lair:4   | Killed an azure jelly
 22989 | Slime:1  | Found a viscous altar of Jiyva.
 23020 | Slime:1  | Noticed a rockslime
 23027 | Slime:1  | Killed a rockslime
 23039 | Slime:1  | Noticed an azure jelly
 23045 | Slime:1  | Killed an azure jelly
 23740 | Shoals:1 | Entered Level 1 of the Shoals
 24456 | Shoals:2 | Identified the +4 scimitar "Yffotrei" {venom, Will+}
 24611 | Shoals:2 | Found a frozen archway.
 24636 | IceCv    | Entered an ice cave
 25572 | IceCv    | Reached skill level 1 in Spellcasting
 25619 | IceCv    | Found an ancient bone altar of Kikubaaqudgha.
 25636 | IceCv    | Reached XP level 16. HP: 76/90 MP: 9/21
 25968 | IceCv    | Noticed a lich
 25976 | IceCv    | Killed a lich
 26513 | Shoals:2 | Noticed Aizul
 26759 | Shoals:2 | Reached skill level 5 in Spellcasting
 26965 | Shoals:2 | Killed Aizul
 26989 | Shoals:2 | Reached skill level 5 in Fire Magic
 27787 | Shoals:3 | Reached skill level 10 in Hexes
 27790 | Shoals:3 | Noticed Ilsuiw
 28430 | Shoals:2 | Killed Ilsuiw
 28431 | Shoals:2 | Reached skill level 20 in Dodging
 28788 | Shoals:3 | Noticed Polyphemus
 28792 | Shoals:3 | Killed Polyphemus
 28828 | Shoals:3 | Reached skill level 5 in Shields
 29471 | Shoals:4 | Entered Level 4 of the Shoals
 29491 | Shoals:4 | Bought a fine cloak for 342 gold pieces
 29491 | Shoals:4 | Identified the +2 cloak "Urchaul" {rN+ Slay+2} (You bought
                  | it in a shop on level 4 of the Shoals)
 29810 | Shoals:4 | Reached XP level 17. HP: 46/95 MP: 10/25
 30022 | Shoals:4 | Identified the +1 robe "Jianwo" {*Corrode rElec Int+5}
 30804 | Shoals:4 | Got a barnacled rune of Zot
 31014 | Snake:1  | Entered Level 1 of the Snake Pit
 31101 | Snake:1  | Noticed Rupert
 31108 | Snake:1  | Killed Rupert
 31372 | Snake:1  | Found Genah's Gadget Gallery.
 31376 | Snake:1  | Bought a phial of floods for 680 gold pieces
 31376 | Snake:1  | Bought a box of beasts for 680 gold pieces
 31376 | Snake:1  | Bought a tin of tremorstones (2/2) for 680 gold pieces
 31559 | Snake:1  | Found a runed translucent gate.
 31560 | Snake:1  | Found a runed translucent gate.
 31561 | Snake:1  | Found a runed translucent gate.
 31563 | Snake:1  | Noticed Olga's ghost (adept OgCj)
 31642 | Snake:1  | Killed Olga's ghost
 32285 | Snake:2  | Reached skill level 15 in Fighting
 32494 | Snake:2  | Noticed Azrael
 33687 | Snake:3  | Found a runed translucent gate.
 33688 | Snake:3  | Found a runed translucent gate.
 33690 | Snake:3  | Found a runed translucent gate.
 33692 | Snake:3  | Noticed vurker's ghost (adept DgAE)
 34350 | Snake:4  | Entered Level 4 of the Snake Pit
 34368 | Snake:4  | Reached skill level 21 in Dodging
 34368 | Snake:4  | Reached XP level 18. HP: 104/104 MP: 18/26
 35335 | Snake:4  | Identified the +6 chain mail of Winter {Int+4}
 35380 | Snake:4  | Reached skill level 22 in Dodging
 36316 | Snake:4  | Got a serpentine rune of Zot
 36638 | Snake:4  | Reached skill level 15 in Hexes
 36662 | Snake:4  | Reached skill level 23 in Dodging
 36947 | Snake:4  | Found a sacrificial altar of Ru.
 37373 | Vaults:1 | Entered Level 1 of the Vaults
 37634 | Vaults:1 | Reached XP level 19. HP: 108/108 MP: 23/27
 37729 | Vaults:1 | Found Giesall's Armour Boutique.
 37912 | Vaults:1 | Reached skill level 24 in Dodging
 38509 | Vaults:1 | Found a transporter.
 38522 | Vaults:1 | Found a transporter.
 38534 | Vaults:1 | Found Bupier's Assorted Antiques.
 39069 | Vaults:2 | Reached skill level 25 in Dodging
 39685 | Vaults:2 | Found a staircase to the Crypt.
 40550 | Vaults:3 | Noticed Frederick
 40655 | Vaults:3 | Noticed Boris
 40871 | Vaults:3 | Identified the +5 hand axe "Doeff" {vamp, rElec Will+
                  | Int+3}
 41464 | Vaults:3 | Found Zeveim's Magic Scroll Shop.
 41467 | Vaults:3 | Bought a scroll of acquirement for 988 gold pieces
 41467 | Vaults:3 | Acquired the +2 buckler "Muhoej" {rCorr}
 41479 | Vaults:3 | Acquired an amulet of regeneration
 41648 | Vaults:4 | Noticed Xtahua
 41694 | Vaults:4 | Killed from afar by a titan

Illustrated notes

Levels and vault maps discovered:
D:1:      spicycebolla_arrival_ecumenical, layout_basic
D:2:      layout_rooms
D:3:      layout_basic, mainiacjoe_overflow_small_starburst,
          mainiacjoe_overflow_six_doors_small
D:4:      layout_cave_pools
D:5:      layout_basic, nicolae_overflow_quartered_altars,
          kennysheep_orc_sif_temple, mainiacjoe_overflow_concentric_impassable,
          temple_doors_cd
D:6:      cheibrodos_barr_body, layout_loops_corners, gammafunk_ghost_grave,
          uniq_eustachio
D:7:      layout_basic, mainiacjoe_overflow_brackets, serial_shops,
          nicolae_shop_competitors_out_of_business,
          nicolae_shop_just_a_little_nook, shop, minmay_misc_feat_five,
          nicolae_island_escapes
D:8:      layout_loops_cross, serial_co_window_serial,
          co_window_of_opportunity_a, co_window_paths_a, co_window_corner_a,
          co_window_of_opportunity_a, co_window_paths_a, co_window_cross_2,
          co_window_2corner, co_window_corner_b, co_window_broadway_a,
          co_window_unsneaky_path_d, co_window_paths_e, glass_columns_b,
          glass_columns_a, glass_columns_a, glass_columns_b, glass_columns_a,
          ebering_ghost_xom, uniq_prince_ribbit1
D:9:      layout_roguey [special_room_bee], lemuel_tele_altar,
          erik_lair_orcish_takeover, hiddenorc1_lemuel, uniq_erica, uniq_erolcha
D:10:     layout_loops_ring
D:11:     layout_cave_pods, nicolae_kikubaaqudgha_miasma_corner
D:12:     erik_rubicon_b, layout_cave_pools, serial_shops, shop,
          minmay_misc_feat_square, kennysheep_doodads, xom_confusion_cloud,
          uniq_jorgrun
D:13:     layout_stronghold, david_vaults_4, st_stairs_6
D:14:     layout_rooms, nicolae_qazlal_style_of_elements,
          nicolae_inconvenience_store, uniq_roxanne
D:15:     hangedman_depths_entry_civil_slaughter, layout_long_grid,
          serial_shops, nicolae_shop_hallway_plus, shop, shop,
          nicolae_ashenzari_skybound, serial_bayou_lagoon_b
Temple:   hellmonk_temple_two_chambers
Lair:1:   layout_roguey, lemuel_fruit_fields
Lair:2:   nzn_winding_woodlands_small [nzn_winding_woodlands_5x15_sawtooth,
          nzn_winding_woodlands_center_lodge,
          nzn_winding_woodlands_5x15_crooked], layout_loops_ring,
          minmay_shoals_entry_lonely_mermaid, grunt_megastairs_2,
          lemuel_fruit_tree
Lair:3:   layout_gridlike
Lair:4:   layout_cave_shapes, slime_entry_1, nicolae_lair_run_with_the_wolves,
          grunt_megastairs_5
Lair:5:   minmay_lair_end_enchanted_forest, layout_hall_layers,
          ebering_ghost_funeral_grove, serial_bayou_pond_e, uniq_snorg
Shoals:1: layout_shoals, nicolae_shoals_water_elemental_grotto
Shoals:2: layout_shoals, portal_ice_cave_entry_pillars_three, uniq_aizul
Shoals:3: layout_shoals, nicolae_shoals_the_drawing_of_the_three,
          uniq_polyphemus, uniq_ilsuiw
Shoals:4: shoals_end_simple, layout_shoals
Snake:1:  layout_onion, ebering_ghost_rock_garden, drop_trap,
          nicolae_shop_gadgets, uniq_rupert
Snake:2:  layout_onion, grunt_ministairs_5, nrook_guardian_serpent_ordinary,
          uniq_azrael
Snake:3:  layout_misc_corridors, gammafunk_ghost_split, minmay_snake_pond,
          serial_bayou_shore_b
Snake:4:  grunt_snake_rune_spirals, layout_onion_interference, basic_altar
Slime:1:  layout_caves, basic_altar
Vaults:1: nicolae_vaults_asterisk, v_misc_30, nicolae_vaults_shelves_hall,
          nicolae_vaults_taking_the_gang_shopping, dpeg_vaults_monster_row,
          v_rooms_6, vaults_room_stairs_pillars, gammafunk_sealed_arena,
          v_pattern_4, nicolae_vaults_turnstiles,
          nicolae_vaults_variable_pillar_hall, ontoclasm_vaults_shuriken,
          layout_vaults_omnicross, serial_shops, nicolae_shop_statue_plus
Vaults:2: nicolae_vaults_stepped_doors, vaults_dpeg_emergency_exit,
          minmay_crypt_entry_vampire_xt, vaults_room_corners, st_cross,
          nicolae_vaults_closet_pinwheel_2, v_misc_15,
          nicolae_vaults_double_plus_2, layout_vaults_chaotic_city
Vaults:3: nicolae_vaults_storage_closets_3, nicolae_vaults_ring_of_whatevers,
          ontoclasm_vaults_loading_screen, v_rooms_6,
          nicolae_vaults_offset_grid_hallway_3, grunt_vaults_twisty,
          nicolae_vaults_double_plus_1, nicolae_vaults_little_squares_5,
          layout_vaults_omnigrid, serial_shops, nicolae_shop_rolled_up,
          uniq_frederick, uniq_boris
Vaults:4: portal_desolation_entry_ruin, minmay_guarded_unrand_secular_launcher,
          nicolae_vaults_angled_halls, nicolae_vaults_apartment_1,
          nicolae_vaults_yaktaur_gun_rack, v_misc_27,
          nicolae_vaults_double_plus_1, nicolae_vaults_network_square,
          nicolae_vaults_meiosis, nicolae_vaults_wine_cellar,
          ontoclasm_vaults_idyll, nicolae_vaults_mini_display_case, v_misc_19,
          layout_vaults_omnibox, uniq_xtahua

Skill      XL: |  1  2  3  4  5  6  7  8  9 10 11 12 13 14 15 16 17 18 19 |
---------------+----------------------------------------------------------+-----
Dodging        | 3 4 5 7 8 10 12 13 15 17 19 20 21 23 25 | 25.9
Fighting       | 2 3 4 5 7 8 10 12 13 15 | 15.0
Ranged Weapons | 5 6 9 10 12 14 15 16 17 18 | 18.0
Evocations     | 3 9 10 12 | 12.8
Hexes          | 5 7 10 11 15 | 15.0
Fire Magic     | 2 3 5 |  5.0
Shields        | 4 5 |  5.0
Spellcasting   | 2 5 |  5.0
Stealth        | |  1.5

Action                     |  1- 3 |  4- 6 |  7- 9 | 10-12 | 13-15 | 16-18 | 19-21 || total
---------------------------+-------+-------+-------+-------+-------+-------+-------++-------
  Melee: Dagger            |     2 |       |       |       |       |       |       ||     2
         Rapier            |       |    12 |       |       |       |       |       ||    12
         Punch             |       |     1 |       |       |       |       |       ||     1
   Fire: Shortbow          |    83 |   220 |    18 |       |       |       |       ||   321
         Orcbow            |       |       |   339 |   723 |       |       |       ||  1062
         Sling             |       |       |       |   132 |   999 |    32 |       ||  1163
         Hand crossbow     |       |       |       |       |   493 |  1227 |   335 ||  2055
   Cast: Inner Flame       |       |       |       |       |     9 |    52 |    17 ||    78
 Invoke: Call Merchant     |       |       |       |       |       |     2 |     1 ||     3
         Bribe Branch      |       |       |       |       |       |     1 |       ||     1
  Evoke: Wand              |       |       |       |     1 |       |       |     1 ||     2
         Phial of floods   |       |       |       |       |       |     1 |       ||     1
         Phantom mirror    |       |       |       |       |       |     1 |       ||     1
         Lightning rod     |       |       |       |       |       |       |     1 ||     1
    Use: Scroll            |       |       |     6 |     1 |     9 |     8 |     7 ||    31
         Potion            |       |       |       |     3 |       |     1 |     4 ||     8
   Stab: Sleeping          |       |     1 |       |       |       |       |       ||     1
 Armour: Robe              |     2 |     7 |     3 |    10 |    17 |     6 |     1 ||    46
  Dodge: Dodged            |    12 |    68 |   152 |   379 |   777 |   531 |   150 ||  2069
  Block: Other             |       |       |     8 |    83 |   107 |       |       ||   198
         Reflection        |       |       |       |    10 |     9 |    63 |    11 ||    93
         Buckler           |       |       |       |       |   121 |   283 |    90 ||   494

Table legend: (Time is in decaauts)
 A = Elapsed time spent in this place.
 B = Non-inter-level travel time spent in this place.
 C = Inter-level travel time spent in this place.
 D = Time resting spent in this place.
 E = Time spent auto-exploring this place.
 F = Levels seen in this place.
 G = Mean time per level.
                   A        B        C        D        E       F      G
               +--------+--------+--------+--------+--------+-----+--------+
         Total |  32142 |  30529 |   1613 |   6415 |  17141 |  35 |  918.3 |
       Dungeon |  12686 |  11764 |    922 |   1711 |   7258 |  15 |  845.7 |
        Temple |     23 |     15 |      8 |      0 |     11 |   1 |   23.0 |
          Lair |   4106 |   3783 |    323 |    351 |   2379 |   5 |  821.2 |
        Shoals |   4928 |   4779 |    149 |   1526 |   2221 |   4 | 1232.0 |
     Snake Pit |   5112 |   5015 |     97 |   1799 |   2266 |   4 | 1278.0 |
    Slime Pits |    536 |    512 |     24 |      0 |    429 |   1 |  536.0 |
        Vaults |   3126 |   3038 |     88 |    113 |   2253 |   4 |  781.5 |
      Ice Cave |   1620 |   1620 |      0 |    914 |    320 |   1 | 1620.0 |
               +--------+--------+--------+--------+--------+-----+--------+

Top non-repeatable levels by time:
 Snake:4: 2440 daAuts
Shoals:2: 2103 daAuts
     D:9: 1897 daAuts
   IceCv: 1620 daAuts
Shoals:4: 1336 daAuts
    D:12: 1268 daAuts
Vaults:1: 1182 daAuts
     D:6: 1165 daAuts
 Snake:2: 1095 daAuts
Vaults:2: 1053 daAuts
  Lair:4: 983 daAuts
  Lair:2: 960 daAuts
    D:11: 953 daAuts
    D:15: 950 daAuts
 Snake:3: 921 daAuts
